Diablos vs Diables

Created - May 12, 2020 at 19:20

Goals
1 2 3 T
Diablos 2 2 2 6
Diables 1 3 3 7
Shots
1 2 3 T
Diablos 9 6 17 32
Diables 3 16 16 35

1st period

1. Diablos , Corey Trivino 22 (Jiri Sekac 23, Tyler Pitlick 28) at 9:16
2. Diablos , Nick Spaling 49 (Lars Eller 61, Andrei Mironov 16) at 11:15
3. Diables , Frederik Gauthier 19 (Eric Gustafsson 22, Alex Nedeljkovic) at 16:00 (SH)

Penalties :
Aleksander Barkov (Alm) for Tripping (Minor) at 0:16, Mark Jankowski (Alm) for Goalie Interference (Minor) at 12:39, Marc-André Bourdon (Alm) for Roughing (Minor) at 15:14

2nd period

4. Diablos , Jiri Sekac 17 (Matt Lindblad 1) at 2:47 (SH)
5. Diables , Will Butcher 11 (Brock McGinn 53, Nail Yakupov 29) at 3:01 (PP)
6. Diables , Aleksander Barkov 35 (Pavel Buchnevich 50, Eric Gustafsson 23) at 5:29
7. Diables , Aleksander Barkov 36 (Pavel Buchnevich 51, Nikita Zadorov 11) at 18:11
8. Diablos , Corey Trivino 23 (Alex Petrovic 20, Viktor Loov 24) at 19:52 (SH)

Penalties :
Nick Spaling (Don) for Slashing (Minor) at 1:08, Andrey Pedan (Don) for Roughing (Minor) at 7:49, Eric Gustafsson (Alm) for Tripping (Minor) at 8:43, Jiri Sekac (Don) for Interference (Minor) at 18:40

3rd period

9. Diables , Pavel Buchnevich 38 (Max Domi 63) at 6:34
10. Diablos , Scott Glennie 2 (Riley Nash 4, Philip Larsen 31) at 11:54
11. Diables , Brock McGinn 42 (Eric Gustafsson 24, Frederik Gauthier 28) at 13:17 (PP)
12. Diablos , Lars Eller 38 (Jordan Szwarz 46) at 13:38 (PP)
13. Diables , Darroll Powe 20 (Brock McGinn 54) at 16:03

Penalties :
Philip Larsen (Don) for Tripping (Minor) at 12:19, Brock McGinn (Alm) for Interference (Minor) at 13:35

Goalie Stats

Joni Ortio (Don), 28 saves from 35 shots - (0.800), L, 8-9-0, 58:46 minutes
Alex Nedeljkovic (Alm), 26 saves from 32 shots - (0.813), W, 18-17-8, 60:00 minutes

Players Stats for Diablos

Player Name              G  A  P  +/- PIM S  H  SB GA TA FO     MP     PP MP  PK MP  
------------------------------------------------------------------------------------
Alex Petrovic            0  1  1  -1  0   0  0  1  0  0  0/0    18:47   2:35   2:04 
Andrei Mironov           0  1  1   1  0   0  0  0  0  0  0/0     9:22   0:00   0:00 
Andrey Pedan             0  0  0   1  2   0  1  0  0  1  0/0    10:08   0:01   0:46 
Brian Dumoulin           0  0  0   1  0   4  2  2  0  1  0/0    29:17   4:19   3:40 
Charles Hudon            0  0  0   1  0   0  1  0  1  0  0/0     6:25   0:00   0:06 
Corey Trivino            2  0  2  -1  0   3  0  1  1  0  6/11   17:46   3:15   0:53 
Danton Heinen            0  0  0  -1  0   2  0  0  0  0  0/0     8:57   0:00   0:00 
David Pastrnak           0  0  0  -1  0   1  0  0  0  0  0/0     8:57   0:00   0:00 
Dominic Turgeon          0  0  0   0  0   0  0  0  0  0  0/0     0:19   0:06   0:00 
Jack Glover              0  0  0   0  0   0  0  0  0  0  0/0     0:00   0:00   0:00 
Jakub Vrana              0  0  0   0  0   0  0  0  0  0  0/0     0:00   0:00   0:00 
Jiri Sekac               1  1  2  -1  2   3  2  1  1  0  0/0    17:50   3:14   0:39 
Jordan Szwarz            0  1  1   1  0   3  1  1  2  0  0/1    21:26   3:34   0:53 
Lars Eller               1  1  2   0  0   4  1  0  0  1  18/35  25:54   3:33   4:06 
Matt Lindblad            0  1  1   1  0   0  0  0  0  0  1/1     0:34   0:06   0:15 
Nick Spaling             1  0  1   0  2   4  2  2  3  0  5/14   24:39   3:33   2:52 
Peter Holland            0  0  0  -1  0   1  0  0  0  0  3/6     9:40   0:00   0:43 
Philip Larsen            0  1  1   1  2   1  1  1  0  0  0/0    28:30   4:19   2:54 
Riley Nash               0  1  1   1  0   2  1  0  0  0  1/3     6:19   0:00   0:00 
Scott Glennie            1  0  1   1  0   2  0  0  0  0  0/0     6:38   0:06   0:00 
Sergey Tolchinsky        0  0  0   0  0   0  0  0  0  0  0/2     1:01   0:00   1:01 
Stuart Percy             0  0  0  -1  0   0  0  0  0  0  0/0     2:34   0:00   0:00 
Tyler Lewington          0  0  0  -1  0   0  0  1  0  0  0/0     2:34   0:00   0:00 
Tyler Pitlick            0  1  1  -2  0   2  3  1  1  1  0/0    16:43   3:14   0:00 
Viktor Loov              0  1  1  -1  0   0  2  4  0  0  0/0    18:47   2:35   2:04 

Players Stats for Diables

Player Name              G  A  P  +/- PIM S  H  SB GA TA FO     MP     PP MP  PK MP  
------------------------------------------------------------------------------------
Aleksander Barkov        2  0  2   2  2   4  0  1  0  0  17/29  20:05   2:23   0:07 
Alex Tuch                0  0  0   0  0   0  0  0  1  0  0/1     8:26   0:00   0:00 
Brandon Prust            0  0  0   0  0   3  4  0  0  0  0/0    12:01   0:00   2:50 
Brock McGinn             1  2  3  -1  2   3  3  1  1  0  2/2    20:09   3:21   3:50 
C.J Suess                0  0  0  -2  0   0  0  0  0  0  0/0     7:23   0:00   0:00 
Carl Gunnarsson          0  0  0  -3  0   2  2  1  0  4  0/0    23:19   1:17   2:41 
Chris Bigras             0  0  0   0  0   0  0  0  0  0  0/0     3:30   0:00   0:29 
Darroll Powe             1  0  1   2  0   3  4  1  0  1  6/13   14:33   0:00   2:38 
Eric Gustafsson          0  3  3   3  2   1  3  3  0  0  0/0    21:04   1:16   3:44 
Frederik Gauthier        1  1  2  -2  0   2  1  0  0  1  14/23  16:57   3:21   3:57 
Gustav Olofsson          0  0  0   0  0   0  0  0  0  0  0/0     8:31   0:00   0:00 
Marc-André Bourdon       0  0  0   0  2   0  2  2  0  1  0/0    12:28   0:00   0:01 
Mark Jankowski           0  0  0  -2  2   1  1  0  1  0  0/3     9:03   0:00   0:12 
Max Domi                 0  1  1   3  0   2  1  1  0  0  0/2    19:33   2:23   0:14 
Mikko Lehtonen           0  0  0  -2  0   3  1  0  0  1  0/0     7:23   0:00   0:00 
Nail Yakupov             0  1  1  -1  0   2  1  0  0  0  0/0    15:07   3:21   0:00 
Nikita Zadorov           0  1  1   2  0   1  1  2  1  1  0/0    21:49   4:27   2:41 
Pavel Buchnevich         1  2  3   2  0   3  0  0  0  0  0/0    21:12   2:23   0:00 
Will Butcher             1  0  1  -2  0   5  1  0  0  0  0/0    29:23   4:27   4:12 

3 Stars

1 - Pavel Buchnevich (Alm)
2 - Eric Gustafsson (Alm)
3 - Aleksander Barkov (Alm)

Power Play

Diablos - 1 on 5 Attempt(s) - 20.00%
Diables - 2 on 4 Attempt(s) - 50.00%

Penalty Kill

Diablos - 2 on 4 Attempt(s) - 50.00% - Score 2 goal in Penalty Kill
Diables - 4 on 5 Attempt(s) - 80.00% - Score 1 goal in Penalty Kill

Team Stat

Diablos - Hits : 17 - Faceoff Wins : 34 - Blocked Shots : 15 - Penalty Minutes : 8
Diables - Hits : 25 - Faceoff Wins : 39 - Blocked Shots : 12 - Penalty Minutes : 10

Official

Referees : Unknown
Linesman : Unknown

Game Notes

No Game Note

Finance

Level 1 -- Attendance: 1202 (60.10%) -- Ticket Income $48,080
Level 2 -- Attendance: 671 (67.10%) -- Ticket Income $13,420
Total Attendance: 1873 (62.43%)
Total Ticket Income: $61,500
Other Income: $3,075
Total Income: $64,575

Diablos

5 vs 5 Forward 
   Center                   Left Wing                Right Wing               Time % Phy DF OF 
 1 Lars Eller               Nick Spaling             Jordan Szwarz            40     1   2  2  
 2 Corey Trivino            Jiri Sekac               Tyler Pitlick            30     1   2  2  
 3 Peter Holland            Danton Heinen            David Pastrnak           20     1   2  2  
 4 Riley Nash               Charles Hudon            Scott Glennie            10     1   2  2  

5 vs 5 Defense 
   Defense                  Defense                                           Time % Phy DF OF 
 1 Brian Dumoulin           Philip Larsen                                     40     1   2  2  
 2 Alex Petrovic            Viktor Loov                                       30     1   2  2  
 3 Andrey Pedan             Andrei Mironov                                    20     1   2  2  
 4 Stuart Percy             Tyler Lewington                                   10     1   2  2  

PowerPlay Forward 
   Center                   Left Wing                Right Wing               Time % Phy DF OF 
 1 Lars Eller               Nick Spaling             Jordan Szwarz            60     1   2  2  
 2 Corey Trivino            Jiri Sekac               Tyler Pitlick            40     1   2  2  

PowerPlay Defense
   Defense                  Defense                                           Time % Phy DF OF 
 1 Brian Dumoulin           Philip Larsen                                     60     1   2  2  
 2 Alex Petrovic            Viktor Loov                                       40     1   2  2  

Penalty Kill 4 Players Forward 
   Center                   Wing                     Time % Phy DF OF 
 1 Nick Spaling             Lars Eller               60     1   2  2  
 2 Jordan Szwarz            Corey Trivino            40     1   2  2  

Penalty Kill 4 Players Defense
   Defense                  Defense                  Time % Phy DF OF 
 1 Brian Dumoulin           Philip Larsen            60     1   2  2  
 2 Alex Petrovic            Viktor Loov              40     1   2  2  

Penalty Kill - 3 Players Forward 
   Forward                                           Time % Phy DF OF 
 1 Nick Spaling                                      60     1   2  2  
 2 Lars Eller                                        40     1   2  2  

Penalty Kill - 3 Players Defense
   Defense                  Defense                  Time % Phy DF OF 
 1 Brian Dumoulin           Philip Larsen            60     1   2  2  
 2 Alex Petrovic            Viktor Loov              40     1   2  2  

4 vs 4 Forward 
   Center                   Wing                     Time % Phy DF OF 
 1 Nick Spaling             Lars Eller               60     1   2  2  
 2 Jordan Szwarz            Corey Trivino            40     1   2  2  

4 vs 4 Defense
   Defense                  Defense                  Time % Phy DF OF 
 1 Brian Dumoulin           Philip Larsen            60     1   2  2  
 2 Alex Petrovic            Viktor Loov              40     1   2  2  

Last Minutes Offensive
   Center                   Left Wing                Right Wing               Defense                  Defense                  
   Lars Eller               Nick Spaling             Jordan Szwarz            Brian Dumoulin           Philip Larsen            

Last Minutes Defensive
   Center                   Left Wing                Right Wing               Defense                  Defense                  
   Lars Eller               Nick Spaling             Jordan Szwarz            Brian Dumoulin           Philip Larsen            

Goaltenders
Starting : Joni Ortio               
Backup : Kristers Gudlevskis      

Extra Forwards
Normal : Matt Lindblad, Dominic Turgeon, Sergey Tolchinsky - PP : Matt Lindblad, Dominic Turgeon - PK : Sergey Tolchinsky
Extra Defensemen
Normal : Jack Glover, Andrey Pedan, Andrei Mironov - PP : Jack Glover - PK : Andrey Pedan, Andrei Mironov
Penalty Shots
Nick Spaling, Lars Eller, Jordan Szwarz, Corey Trivino, Tyler Pitlick

Scratches
Jamie Devane (Healthy), Tobias Lindberg (Healthy), Ty Rattie (Healthy), Anthony Camara (Healthy), Branden Troock (Healthy)
Adrian Kempe (Broken Bone (Right Arm) Injury), Ryan MacInnis (Healthy), Matt Tomkins (Healthy)

Diables

5 vs 5 Forward 
   Center                   Left Wing                Right Wing               Time % Phy DF OF 
 1 Aleksander Barkov        Max Domi                 Pavel Buchnevich         40     1   2  2  
 2 Darroll Powe             Brock McGinn             Nail Yakupov             30     1   2  2  
 3 Frederik Gauthier        Brandon Prust            Alex Tuch                20     1   2  2  
 4 Mark Jankowski           C.J Suess                Mikko Lehtonen           10     1   2  2  

5 vs 5 Defense 
   Defense                  Defense                                           Time % Phy DF OF 
 1 Carl Gunnarsson          Will Butcher                                      40     1   2  2  
 2 Nikita Zadorov           Eric Gustafsson                                   30     1   2  2  
 3 Gustav Olofsson          Marc-André Bourdon                                20     1   2  2  
 4 Chris Bigras             Marc-André Bourdon                                10     1   2  2  

PowerPlay Forward 
   Center                   Left Wing                Right Wing               Time % Phy DF OF 
 1 Frederik Gauthier        Brock McGinn             Nail Yakupov             60     1   2  2  
 2 Aleksander Barkov        Max Domi                 Pavel Buchnevich         40     1   2  2  

PowerPlay Defense
   Defense                  Defense                                           Time % Phy DF OF 
 1 Nikita Zadorov           Will Butcher                                      60     1   2  2  
 2 Eric Gustafsson          Carl Gunnarsson                                   40     1   2  2  

Penalty Kill 4 Players Forward 
   Center                   Wing                     Time % Phy DF OF 
 1 Frederik Gauthier        Brock McGinn             60     1   2  2  
 2 Darroll Powe             Brandon Prust            40     1   2  2  

Penalty Kill 4 Players Defense
   Defense                  Defense                  Time % Phy DF OF 
 1 Will Butcher             Eric Gustafsson          60     1   2  2  
 2 Nikita Zadorov           Carl Gunnarsson          40     1   2  2  

Penalty Kill - 3 Players Forward 
   Forward                                           Time % Phy DF OF 
 1 Darroll Powe                                      60     1   2  2  
 2 Frederik Gauthier                                 40     1   2  2  

Penalty Kill - 3 Players Defense
   Defense                  Defense                  Time % Phy DF OF 
 1 Marc-André Bourdon       Eric Gustafsson          60     1   2  2  
 2 Nikita Zadorov           Will Butcher             40     1   2  2  

4 vs 4 Forward 
   Center                   Wing                     Time % Phy DF OF 
 1 Mark Jankowski           Pavel Buchnevich         60     1   2  2  
 2 Frederik Gauthier        Brock McGinn             40     1   2  2  

4 vs 4 Defense
   Defense                  Defense                  Time % Phy DF OF 
 1 Will Butcher             Carl Gunnarsson          60     1   2  2  
 2 Chris Bigras             Marc-André Bourdon       40     1   2  2  

Last Minutes Offensive
   Center                   Left Wing                Right Wing               Defense                  Defense                  
   Aleksander Barkov        Max Domi                 Pavel Buchnevich         Eric Gustafsson          Will Butcher             

Last Minutes Defensive
   Center                   Left Wing                Right Wing               Defense                  Defense                  
   Frederik Gauthier        Brock McGinn             Pavel Buchnevich         Eric Gustafsson          Marc-André Bourdon       

Goaltenders
Starting : Alex Nedeljkovic         
Backup : Mark Visentin            

Extra Forwards
Normal : Max Domi, Mark Jankowski, Frederik Gauthier - PP : Max Domi, Mark Jankowski - PK : Frederik Gauthier
Extra Defensemen
Normal : Gustav Olofsson, Nikita Zadorov, Will Butcher - PP : Chris Bigras - PK : Chris Bigras, Gustav Olofsson
Penalty Shots
Darroll Powe, Pavel Buchnevich, Brock McGinn, Brandon Prust, Alex Tuch

Scratches
Louis Leblanc (Healthy), Stephen Harper (Healthy), Emil Djuse (Healthy), Christian Thomas (Healthy), Cole Cassels (Healthy)
Jeremy Gregoire (Healthy), Zac Leslie (Healthy), Connor Hurley (Healthy), Andreas Johnsson (Healthy), Mike Zigomanis (Healthy)
Brett Ritchie (Healthy), Daniel Zaar (Healthy), Anders Bjork (Healthy), Brett Lernout (Healthy), Hunter Smith (Healthy)
Jack Campbell (Healthy)

% Time on Ice - Diablos

Lines # - Real PCT - Wanted PCT - Time Play
Normal Forward
1 - 37% - 40% - 16:33
2 - 30% - 30% - 13:29
3 - 20% - 20% - 8:57
4 - 14% - 10% - 6:19
Normal Defense
1 - 43% - 40% - 19:39
2 - 30% - 30% - 13:43
3 - 21% - 20% - 9:22
4 - 6% - 10% - 2:34
PP Forward
1 - 53% - 60% - 3:39
2 - 47% - 40% - 3:15
PP Defense
1 - 63% - 60% - 4:19
2 - 37% - 40% - 2:35
PK Forward
1 - 85% - 60% - 4:51
2 - 15% - 40% - 0:53
PK Defense
1 - 64% - 60% - 3:40
2 - 36% - 40% - 2:04
PK3 Forward
1 - 0% - 60%
2 - 0% - 40%
PK3 Defense
1 - 0% - 60%
2 - 0% - 40%
44 Forward
1 - 86% - 60% - 0:56
2 - 14% - 40% - 0:09
44 Defense
1 - 62% - 60% - 0:40
2 - 38% - 40% - 0:25
Last Minute Offensive  - 0:59
Last Minute Defensive  - 0:00
Total
Forward - 60:00
Defense - 60:00

% Time on Ice - Diables

Lines # - Real PCT - Wanted PCT - Time Play
Normal Forward
1 - 38% - 40% - 17:26
2 - 27% - 30% - 12:02
3 - 19% - 20% - 8:26
4 - 16% - 10% - 7:23
Normal Defense
1 - 44% - 40% - 19:51
2 - 31% - 30% - 14:06
3 - 19% - 20% - 8:31
4 - 6% - 10% - 2:49
PP Forward
1 - 58% - 60% - 3:21
2 - 42% - 40% - 2:23
PP Defense
1 - 78% - 60% - 4:27
2 - 22% - 40% - 1:17
PK Forward
1 - 67% - 60% - 4:39
2 - 33% - 40% - 2:15
PK Defense
1 - 61% - 60% - 4:12
2 - 39% - 40% - 2:42
PK3 Forward
1 - 0% - 60%
2 - 0% - 40%
PK3 Defense
1 - 0% - 60%
2 - 0% - 40%
44 Forward
1 - 82% - 60% - 0:53
2 - 18% - 40% - 0:12
44 Defense
1 - 82% - 60% - 0:53
2 - 18% - 40% - 0:12
Last Minute Offensive  - 0:00
Last Minute Defensive  - 1:00
Total
Forward - 60:00
Defense - 60:00

Play-by-Play

1st period


0:01 of 1st period - Aleksander Barkov wins face-off versus Lars Eller in neutral zone.
0:06 of 1st period - Pavel Buchnevich is hit by Nick Spaling and loses puck.
0:16 of 1st period - Minor Penalty to Aleksander Barkov for Tripping.
0:17 of 1st period - Lars Eller wins face-off versus Frederik Gauthier in Diables zone.
0:43 of 1st period - Tyler Pitlick is hit by Eric Gustafsson and loses puck.
1:41 of 1st period - Jordan Szwarz is hit by Brandon Prust.
2:16 of 1st period - Penalty to Aleksander Barkov is over, Aleksander Barkov is back on ice.
2:48 of 1st period - Marc-André Bourdon is hit by Riley Nash and loses puck.
2:55 of 1st period - Wrist shot by Riley Nash.
2:55 of 1st period - Shot Misses the Net.
2:57 of 1st period - Snap shot by Scott Glennie.
2:57 of 1st period - Shot Blocked by Marc-André Bourdon.
2:59 of 1st period - Slapshot by Philip Larsen.
2:59 of 1st period - Stopped by Alex Nedeljkovic with a rebound.
3:01 of 1st period - Slapshot by Brian Dumoulin.
3:01 of 1st period - Shot Misses the Net.
3:31 of 1st period - Lars Eller is hit by Marc-André Bourdon and loses puck.
3:48 of 1st period - Carl Gunnarsson is hit by Andrey Pedan and loses puck.
4:28 of 1st period - Wrist shot by Darroll Powe.
4:28 of 1st period - Shot Blocked by Corey Trivino.
5:05 of 1st period - Wrist shot by Darroll Powe.
5:05 of 1st period - Shot Blocked by Tyler Lewington.
6:32 of 1st period - Carl Gunnarsson is hit by Tyler Pitlick.
7:00 of 1st period - Snap shot by Nail Yakupov.
7:00 of 1st period - Shot Blocked by Viktor Loov.
7:26 of 1st period - Slapshot by Jiri Sekac.
7:26 of 1st period - Shot Blocked by Eric Gustafsson.
7:28 of 1st period - Snap shot by Tyler Pitlick.
7:28 of 1st period - Shot Blocked by Aleksander Barkov.
7:30 of 1st period - Snap shot by Corey Trivino.
7:30 of 1st period - Shot Misses the Net.
7:32 of 1st period - Wrist shot by Tyler Pitlick.
7:32 of 1st period - Stopped by Alex Nedeljkovic with a rebound.
7:44 of 1st period - Peter Holland is hit by Brock McGinn and loses puck.
8:15 of 1st period - Marc-André Bourdon is hit by Charles Hudon and loses puck.
8:36 of 1st period - Tyler Pitlick is hit by Brock McGinn and loses puck.
9:02 of 1st period - Icing by Jordan Szwarz.
9:03 of 1st period - Nick Spaling wins face-off versus Aleksander Barkov in Diablos zone.
9:14 of 1st period - Wrist shot by Jiri Sekac.
9:14 of 1st period - Stopped by Alex Nedeljkovic with a rebound.
9:16 of 1st period - Wrist shot by Corey Trivino.
9:16 of 1st period - Goal by Corey Trivino - Diablos : 1 - Diables : 0.
9:17 of 1st period - Darroll Powe wins face-off versus Lars Eller in neutral zone.
9:31 of 1st period - Snap shot by Darroll Powe.
9:31 of 1st period - Shot Misses the Net.
10:07 of 1st period - Jiri Sekac is hit by Brandon Prust and loses puck.
10:27 of 1st period - Icing by Lars Eller.
10:28 of 1st period - Lars Eller wins face-off versus Mark Jankowski in Diablos zone.
10:39 of 1st period - Snap shot by Nick Spaling.
10:39 of 1st period - Stopped by Alex Nedeljkovic with a rebound.
10:41 of 1st period - Snap shot by Jordan Szwarz.
10:41 of 1st period - Stopped by Alex Nedeljkovic with a rebound.
10:53 of 1st period - Snap shot by Lars Eller.
10:53 of 1st period - Stopped by Alex Nedeljkovic with a rebound.
10:55 of 1st period - Wrist shot by Andrei Mironov.
10:55 of 1st period - Shot Misses the Net.
10:57 of 1st period - Snap shot by Nick Spaling.
10:57 of 1st period - Shot Misses the Net.
11:01 of 1st period - Wrist shot by Lars Eller.
11:01 of 1st period - Shot Misses the Net.
11:03 of 1st period - Slapshot by Lars Eller.
11:03 of 1st period - Stopped by Alex Nedeljkovic with a rebound.
11:05 of 1st period - Snap shot by Lars Eller.
11:05 of 1st period - Shot Blocked by Carl Gunnarsson.
11:15 of 1st period - Snap shot by Nick Spaling.
11:15 of 1st period - Goal by Nick Spaling - Diablos : 2 - Diables : 0.
11:16 of 1st period - Aleksander Barkov wins face-off versus Corey Trivino in neutral zone.
11:30 of 1st period - Slapshot by Max Domi.
11:30 of 1st period - Stopped by Joni Ortio with a rebound.
11:42 of 1st period - Danton Heinen is hit by Darroll Powe and loses puck.
11:49 of 1st period - Snap shot by Brock McGinn.
11:49 of 1st period - Shot Blocked by Viktor Loov.
12:21 of 1st period - Eric Gustafsson is hit by Jiri Sekac.
12:39 of 1st period - Minor Penalty to Mark Jankowski for Goalie Interference.
12:40 of 1st period - Frederik Gauthier wins face-off versus Nick Spaling in Diables zone.
12:40 of 1st period - Frederik Gauthier is hit by Brian Dumoulin.
14:39 of 1st period - Penalty to Mark Jankowski is over, Mark Jankowski is back on ice.
15:04 of 1st period - Snap shot by Aleksander Barkov.
15:04 of 1st period - Stopped by Joni Ortio with a rebound.
15:14 of 1st period - Minor Penalty to Marc-André Bourdon for Roughing.
15:15 of 1st period - Brock McGinn wins face-off versus Lars Eller in Diables zone.
16:00 of 1st period - Snap shot by Frederik Gauthier.
16:00 of 1st period - Goal by Frederik Gauthier - Diablos : 2 - Diables : 1.
16:01 of 1st period - Frederik Gauthier wins face-off versus Lars Eller in neutral zone.
17:14 of 1st period - Penalty to Marc-André Bourdon is over, Marc-André Bourdon is back on ice.
18:28 of 1st period - Wrist shot by Brock McGinn.
18:28 of 1st period - Shot Misses the Net.
19:14 of 1st period - Icing by Marc-André Bourdon.
19:15 of 1st period - Riley Nash wins face-off versus Max Domi in Diables zone.
19:51 of 1st period - Nail Yakupov is hit by Jordan Szwarz and loses puck.
Goals for this period are 2 for Diablos vs 1 for Diables.
Shots for this period are 9 for Diablos vs 3 for Diables.

2nd period


0:01 of 2nd period - Aleksander Barkov wins face-off versus Lars Eller in neutral zone.
0:06 of 2nd period - Wrist shot by Pavel Buchnevich.
0:06 of 2nd period - Stopped by Joni Ortio without a rebound.
0:07 of 2nd period - Lars Eller wins face-off versus Aleksander Barkov in Diablos zone.
0:34 of 2nd period - Wrist shot by Corey Trivino.
0:34 of 2nd period - Stopped by Alex Nedeljkovic without a rebound.
0:35 of 2nd period - Corey Trivino wins face-off versus Darroll Powe in Diables zone.
0:44 of 2nd period - Snap shot by Nail Yakupov.
0:44 of 2nd period - Stopped by Joni Ortio with a rebound.
0:46 of 2nd period - Slapshot by Will Butcher.
0:46 of 2nd period - Deflect By Darroll Powe.
0:46 of 2nd period - Shot Blocked by Tyler Pitlick.
0:46 of 2nd period - Puck is out of play.
0:47 of 2nd period - Aleksander Barkov wins face-off versus Lars Eller in Diablos zone.
0:52 of 2nd period - Snap shot by Pavel Buchnevich.
0:52 of 2nd period - Shot Misses the Net.
1:02 of 2nd period - Slapshot by Aleksander Barkov.
1:02 of 2nd period - Shot Misses the Net.
1:08 of 2nd period - Minor Penalty to Nick Spaling for Slashing.
1:09 of 2nd period - Frederik Gauthier wins face-off versus Sergey Tolchinsky in Diablos zone.
1:12 of 2nd period - Slapshot by Will Butcher.
1:12 of 2nd period - Stopped by Joni Ortio without a rebound.
1:13 of 2nd period - Frederik Gauthier wins face-off versus Lars Eller in Diablos zone.
2:45 of 2nd period - Icing by Brock McGinn.
2:46 of 2nd period - Matt Lindblad wins face-off versus Frederik Gauthier in Diables zone.
2:47 of 2nd period - Slapshot by Jiri Sekac.
2:47 of 2nd period - Goal by Jiri Sekac - Diablos : 3 - Diables : 1.
2:48 of 2nd period - Frederik Gauthier wins face-off versus Sergey Tolchinsky in neutral zone.
2:57 of 2nd period - Wrist shot by Brock McGinn.
2:57 of 2nd period - Shot Hit the Post.
2:59 of 2nd period - Slapshot by Brock McGinn.
2:59 of 2nd period - Shot Misses the Net.
3:01 of 2nd period - Snap shot by Will Butcher.
3:01 of 2nd period - Goal by Will Butcher - Diablos : 3 - Diables : 2.
3:02 of 2nd period - Lars Eller wins face-off versus Aleksander Barkov in neutral zone.
3:07 of 2nd period - Wrist shot by Lars Eller.
3:07 of 2nd period - Shot Misses the Net.
3:42 of 2nd period - Slapshot by Tyler Pitlick.
3:42 of 2nd period - Shot Misses the Net.
3:54 of 2nd period - Snap shot by Scott Glennie.
3:54 of 2nd period - Shot Misses the Net.
4:14 of 2nd period - Wrist shot by Peter Holland.
4:14 of 2nd period - Shot Misses the Net.
4:44 of 2nd period - Wrist shot by Mikko Lehtonen.
4:44 of 2nd period - Stopped by Joni Ortio with a rebound.
5:04 of 2nd period - Snap shot by Jiri Sekac.
5:04 of 2nd period - Shot Blocked by Eric Gustafsson.
5:06 of 2nd period - Wrist shot by Tyler Pitlick.
5:06 of 2nd period - Stopped by Alex Nedeljkovic without a rebound.
5:07 of 2nd period - Corey Trivino wins face-off versus Aleksander Barkov in Diables zone.
5:15 of 2nd period - Icing by Eric Gustafsson.
5:16 of 2nd period - Corey Trivino wins face-off versus Aleksander Barkov in Diables zone.
5:29 of 2nd period - Snap shot by Aleksander Barkov.
5:29 of 2nd period - Goal by Aleksander Barkov - Diablos : 3 - Diables : 3.
5:30 of 2nd period - Darroll Powe wins face-off versus Lars Eller in neutral zone.
5:33 of 2nd period - Snap shot by Brock McGinn.
5:33 of 2nd period - Deflect By Nail Yakupov.
5:33 of 2nd period - Shot Misses the Net.
5:33 of 2nd period - Puck is out of play.
5:34 of 2nd period - Lars Eller wins face-off versus Darroll Powe in Diablos zone.
5:41 of 2nd period - Snap shot by Brock McGinn.
5:41 of 2nd period - Shot Misses the Net.
5:43 of 2nd period - Backhand shot by Darroll Powe.
5:43 of 2nd period - Deflect By Lars Eller.
5:43 of 2nd period - Stopped by Joni Ortio with a rebound.
5:45 of 2nd period - Slapshot by Nikita Zadorov.
5:45 of 2nd period - Shot Blocked by Nick Spaling.
5:47 of 2nd period - Snap shot by Brock McGinn.
5:47 of 2nd period - Shot Misses the Net.
6:21 of 2nd period - Snap shot by David Pastrnak.
6:21 of 2nd period - Stopped by Alex Nedeljkovic with a rebound.
6:29 of 2nd period - Snap shot by Brandon Prust.
6:29 of 2nd period - Shot Misses the Net.
7:38 of 2nd period - Icing by Jiri Sekac.
7:39 of 2nd period - Frederik Gauthier wins face-off versus Peter Holland in Diablos zone.
7:46 of 2nd period - Snap shot by Brandon Prust.
7:46 of 2nd period - Stopped by Joni Ortio without a rebound.
7:47 of 2nd period - Lars Eller wins face-off versus Aleksander Barkov in Diablos zone.
7:49 of 2nd period - Minor Penalty to Andrey Pedan for Roughing.
7:50 of 2nd period - Frederik Gauthier wins face-off versus Nick Spaling in Diablos zone.
7:50 of 2nd period - Slapshot by Nail Yakupov.
7:50 of 2nd period - Stopped by Joni Ortio without a rebound.
7:51 of 2nd period - Nick Spaling wins face-off versus Frederik Gauthier in Diablos zone.
8:43 of 2nd period - Minor Penalty to Eric Gustafsson for Tripping.
8:44 of 2nd period - Nick Spaling wins face-off versus Mark Jankowski in Diables zone.
8:54 of 2nd period - Nick Spaling is hit by Carl Gunnarsson and loses puck.
8:59 of 2nd period - Slapshot by Will Butcher.
8:59 of 2nd period - Stopped by Joni Ortio without a rebound.
9:00 of 2nd period - Nick Spaling wins face-off versus Mark Jankowski in Diablos zone.
9:32 of 2nd period - Nick Spaling is hit by Carl Gunnarsson and loses puck.
9:43 of 2nd period - Wrist shot by Corey Trivino.
9:43 of 2nd period - Shot Misses the Net.
9:49 of 2nd period - Penalty to Andrey Pedan is over, Andrey Pedan is back on ice.
9:49 of 2nd period - Snap shot by Frederik Gauthier.
9:49 of 2nd period - Deflect By Brock McGinn.
9:49 of 2nd period - Shot Misses the Net.
9:49 of 2nd period - Puck is out of play.
9:50 of 2nd period - Frederik Gauthier wins face-off versus Corey Trivino in Diablos zone.
9:51 of 2nd period - Slapshot by Will Butcher.
9:51 of 2nd period - Shot Blocked by Jiri Sekac.
10:16 of 2nd period - Brian Dumoulin is hit by Darroll Powe and loses puck.
10:43 of 2nd period - Penalty to Eric Gustafsson is over, Eric Gustafsson is back on ice.
11:09 of 2nd period - Snap shot by Mikko Lehtonen.
11:09 of 2nd period - Shot Blocked by Viktor Loov.
11:11 of 2nd period - Wrist shot by Mark Jankowski.
11:11 of 2nd period - Shot Misses the Net.
11:13 of 2nd period - Snap shot by Mark Jankowski.
11:13 of 2nd period - Stopped by Joni Ortio with a rebound.
11:15 of 2nd period - Slapshot by Marc-André Bourdon.
11:15 of 2nd period - Shot Blocked by Alex Petrovic.
11:17 of 2nd period - Wrist shot by Mikko Lehtonen.
11:17 of 2nd period - Stopped by Joni Ortio without a rebound.
11:18 of 2nd period - Aleksander Barkov wins face-off versus Corey Trivino in Diablos zone.
11:30 of 2nd period - Snap shot by Pavel Buchnevich.
11:30 of 2nd period - Shot Misses the Net.
11:32 of 2nd period - Wrist shot by Pavel Buchnevich.
11:32 of 2nd period - Shot Misses the Net.
11:34 of 2nd period - Snap shot by Aleksander Barkov.
11:34 of 2nd period - Shot Misses the Net.
12:04 of 2nd period - Lars Eller is hit by Mikko Lehtonen and loses puck.
12:17 of 2nd period - Off-side.
12:18 of 2nd period - Aleksander Barkov wins face-off versus Corey Trivino in neutral zone.
13:27 of 2nd period - Mark Jankowski is hit by Nick Spaling and loses puck.
14:28 of 2nd period - Wrist shot by Tyler Pitlick.
14:28 of 2nd period - Shot Misses the Net.
14:30 of 2nd period - Snap shot by Brian Dumoulin.
14:30 of 2nd period - Stopped by Alex Nedeljkovic without a rebound.
14:31 of 2nd period - Darroll Powe wins face-off versus Nick Spaling in Diables zone.
14:42 of 2nd period - Alex Petrovic is hit by Nail Yakupov and loses puck.
14:57 of 2nd period - Alex Petrovic is hit by Brandon Prust and loses puck.
15:37 of 2nd period - Nick Spaling is hit by Marc-André Bourdon and loses puck.
15:58 of 2nd period - Wrist shot by Tyler Pitlick.
15:58 of 2nd period - Shot Misses the Net.
16:06 of 2nd period - Jiri Sekac is hit by Eric Gustafsson and loses puck.
17:29 of 2nd period - Marc-André Bourdon is hit by Jiri Sekac and loses puck.
17:38 of 2nd period - Snap shot by Jiri Sekac.
17:38 of 2nd period - Shot Misses the Net.
17:58 of 2nd period - Nick Spaling is hit by Mark Jankowski and loses puck.
18:03 of 2nd period - Slapshot by Eric Gustafsson.
18:03 of 2nd period - Stopped by Joni Ortio without a rebound.
18:04 of 2nd period - Aleksander Barkov wins face-off versus Peter Holland in Diablos zone.
18:05 of 2nd period - Wrist shot by Pavel Buchnevich.
18:05 of 2nd period - Shot Blocked by Philip Larsen.
18:07 of 2nd period - Slapshot by Nikita Zadorov.
18:07 of 2nd period - Shot Misses the Net.
18:09 of 2nd period - Snap shot by Pavel Buchnevich.
18:09 of 2nd period - Stopped by Joni Ortio with a rebound.
18:11 of 2nd period - Wrist shot by Aleksander Barkov.
18:11 of 2nd period - Goal by Aleksander Barkov - Diablos : 3 - Diables : 4.
18:12 of 2nd period - Lars Eller wins face-off versus Aleksander Barkov in neutral zone.
18:40 of 2nd period - Minor Penalty to Jiri Sekac for Interference.
18:41 of 2nd period - Frederik Gauthier wins face-off versus Nick Spaling in Diablos zone.
19:52 of 2nd period - Slapshot by Alex Petrovic.
19:52 of 2nd period - Deflect By Corey Trivino.
19:52 of 2nd period - Goal by Corey Trivino - Diablos : 4 - Diables : 4.
19:53 of 2nd period - Frederik Gauthier wins face-off versus Nick Spaling in neutral zone.
19:56 of 2nd period - Slapshot by Nikita Zadorov.
19:56 of 2nd period - Stopped by Joni Ortio without a rebound.
19:57 of 2nd period - Brock McGinn wins face-off versus Nick Spaling in Diablos zone.
Goals for this period are 2 for Diablos vs 3 for Diables.
Shots for this period are 6 for Diablos vs 16 for Diables.

3rd period


0:01 of 3rd period - Frederik Gauthier wins face-off versus Nick Spaling in neutral zone.
0:29 of 3rd period - Nick Spaling is hit by Max Domi and loses puck.
0:40 of 3rd period - Penalty to Jiri Sekac is over, Jiri Sekac is back on ice.
0:49 of 3rd period - Wrist shot by Lars Eller.
0:49 of 3rd period - Shot Blocked by Nikita Zadorov.
0:57 of 3rd period - Nick Spaling is hit by Will Butcher and loses puck.
1:14 of 3rd period - David Pastrnak is hit by Frederik Gauthier.
1:36 of 3rd period - Wrist shot by Riley Nash.
1:36 of 3rd period - Shot Blocked by Brock McGinn.
1:38 of 3rd period - Snap shot by Riley Nash.
1:38 of 3rd period - Stopped by Alex Nedeljkovic without a rebound.
1:39 of 3rd period - Aleksander Barkov wins face-off versus Riley Nash in Diables zone.
1:39 of 3rd period - Aleksander Barkov is hit by Viktor Loov.
2:09 of 3rd period - Slapshot by Nikita Zadorov.
2:09 of 3rd period - Shot Misses the Net.
2:11 of 3rd period - Snap shot by Frederik Gauthier.
2:11 of 3rd period - Stopped by Joni Ortio with a rebound.
2:13 of 3rd period - Slapshot by Brandon Prust.
2:13 of 3rd period - Stopped by Joni Ortio without a rebound.
2:14 of 3rd period - Corey Trivino wins face-off versus Darroll Powe in Diablos zone.
2:14 of 3rd period - Corey Trivino is hit by Darroll Powe.
2:20 of 3rd period - Backhand shot by Darroll Powe.
2:20 of 3rd period - Shot Misses the Net.
2:22 of 3rd period - Snap shot by Brock McGinn.
2:22 of 3rd period - Shot Misses the Net.
2:26 of 3rd period - Wrist shot by Brock McGinn.
2:26 of 3rd period - Stopped by Joni Ortio without a rebound.
2:27 of 3rd period - Aleksander Barkov wins face-off versus Jordan Szwarz in Diablos zone.
2:28 of 3rd period - Backhand shot by Pavel Buchnevich.
2:28 of 3rd period - Shot Misses the Net.
2:36 of 3rd period - Slapshot by Alex Petrovic.
2:36 of 3rd period - Shot Misses the Net.
2:38 of 3rd period - Snap shot by Jordan Szwarz.
2:38 of 3rd period - Stopped by Alex Nedeljkovic without a rebound.
2:39 of 3rd period - Aleksander Barkov wins face-off versus Lars Eller in Diables zone.
3:29 of 3rd period - Wrist shot by Will Butcher.
3:29 of 3rd period - Stopped by Joni Ortio without a rebound.
3:30 of 3rd period - Lars Eller wins face-off versus Alex Tuch in Diablos zone.
3:30 of 3rd period - Lars Eller is hit by Brandon Prust.
4:23 of 3rd period - Snap shot by Scott Glennie.
4:23 of 3rd period - Stopped by Alex Nedeljkovic without a rebound.
4:24 of 3rd period - Darroll Powe wins face-off versus Riley Nash in Diables zone.
4:31 of 3rd period - Wrist shot by Darroll Powe.
4:31 of 3rd period - Stopped by Joni Ortio without a rebound.
4:32 of 3rd period - Lars Eller wins face-off versus Aleksander Barkov in Diablos zone.
4:43 of 3rd period - Wrist shot by Pavel Buchnevich.
4:43 of 3rd period - Shot Misses the Net.
5:07 of 3rd period - Snap shot by Peter Holland.
5:07 of 3rd period - Shot Blocked by Max Domi.
5:19 of 3rd period - Brock McGinn is hit by Viktor Loov and loses puck.
5:40 of 3rd period - Wrist shot by Mikko Lehtonen.
5:40 of 3rd period - Stopped by Joni Ortio with a rebound.
5:50 of 3rd period - Off-side.
5:51 of 3rd period - Darroll Powe wins face-off versus Lars Eller in neutral zone.
6:02 of 3rd period - Brock McGinn is hit by Brian Dumoulin and loses puck.
6:24 of 3rd period - Slapshot by Eric Gustafsson.
6:24 of 3rd period - Deflect By Brandon Prust.
6:24 of 3rd period - Shot Misses the Net.
6:24 of 3rd period - Puck is out of play.
6:25 of 3rd period - Corey Trivino wins face-off versus Aleksander Barkov in Diablos zone.
6:34 of 3rd period - Wrist shot by Pavel Buchnevich.
6:34 of 3rd period - Goal by Pavel Buchnevich - Diablos : 4 - Diables : 5.
6:35 of 3rd period - Aleksander Barkov wins face-off versus Lars Eller in neutral zone.
6:38 of 3rd period - Wrist shot by Max Domi.
6:38 of 3rd period - Shot Misses the Net.
6:40 of 3rd period - Slapshot by Will Butcher.
6:40 of 3rd period - Shot Blocked by Jordan Szwarz.
6:42 of 3rd period - Snap shot by Aleksander Barkov.
6:42 of 3rd period - Shot Blocked by Brian Dumoulin.
6:44 of 3rd period - Snap shot by Aleksander Barkov.
6:44 of 3rd period - Shot Blocked by Brian Dumoulin.
6:46 of 3rd period - Wrist shot by Aleksander Barkov.
6:46 of 3rd period - Shot Blocked by Nick Spaling.
7:00 of 3rd period - Nail Yakupov is hit by Philip Larsen.
7:08 of 3rd period - Snap shot by Tyler Pitlick.
7:08 of 3rd period - Shot Misses the Net.
7:19 of 3rd period - Icing by Will Butcher.
7:20 of 3rd period - Peter Holland wins face-off versus Darroll Powe in Diables zone.
8:14 of 3rd period - Slapshot by Carl Gunnarsson.
8:14 of 3rd period - Stopped by Joni Ortio without a rebound.
8:15 of 3rd period - Aleksander Barkov wins face-off versus Lars Eller in Diablos zone.
8:21 of 3rd period - Off-side.
8:22 of 3rd period - Aleksander Barkov wins face-off versus Lars Eller in neutral zone.
8:25 of 3rd period - Jordan Szwarz is hit by Nikita Zadorov and loses puck.
8:29 of 3rd period - Icing by Jordan Szwarz.
8:30 of 3rd period - Aleksander Barkov wins face-off versus Lars Eller in Diablos zone.
8:39 of 3rd period - Slapshot by Viktor Loov.
8:39 of 3rd period - Shot Blocked by Eric Gustafsson.
8:51 of 3rd period - Slapshot by Jordan Szwarz.
8:51 of 3rd period - Stopped by Alex Nedeljkovic without a rebound.
8:52 of 3rd period - Corey Trivino wins face-off versus Darroll Powe in Diables zone.
9:01 of 3rd period - Philip Larsen is hit by Darroll Powe and loses puck.
9:08 of 3rd period - Snap shot by Brian Dumoulin.
9:08 of 3rd period - Shot Misses the Net.
9:22 of 3rd period - Slapshot by Max Domi.
9:22 of 3rd period - Shot Misses the Net.
9:24 of 3rd period - Slapshot by Will Butcher.
9:24 of 3rd period - Stopped by Joni Ortio without a rebound.
9:25 of 3rd period - Lars Eller wins face-off versus Aleksander Barkov in Diablos zone.
9:44 of 3rd period - Snap shot by Max Domi.
9:44 of 3rd period - Shot Misses the Net.
9:46 of 3rd period - Snap shot by Aleksander Barkov.
9:46 of 3rd period - Shot Blocked by Viktor Loov.
10:30 of 3rd period - Max Domi is hit by Tyler Pitlick and loses puck.
10:46 of 3rd period - Off-side.
10:47 of 3rd period - Lars Eller wins face-off versus Darroll Powe in neutral zone.
11:02 of 3rd period - Snap shot by Brock McGinn.
11:02 of 3rd period - Stopped by Joni Ortio without a rebound.
11:03 of 3rd period - Peter Holland wins face-off versus Frederik Gauthier in Diablos zone.
11:03 of 3rd period - Peter Holland is hit by Eric Gustafsson.
11:15 of 3rd period - Snap shot by Peter Holland.
11:15 of 3rd period - Stopped by Alex Nedeljkovic with a rebound.
11:17 of 3rd period - Snap shot by Danton Heinen.
11:17 of 3rd period - Stopped by Alex Nedeljkovic with a rebound.
11:52 of 3rd period - Snap shot by Riley Nash.
11:52 of 3rd period - Stopped by Alex Nedeljkovic with a rebound.
11:54 of 3rd period - Snap shot by Scott Glennie.
11:54 of 3rd period - Goal by Scott Glennie - Diablos : 5 - Diables : 5.
11:55 of 3rd period - Lars Eller wins face-off versus Aleksander Barkov in neutral zone.
11:58 of 3rd period - Snap shot by Brian Dumoulin.
11:58 of 3rd period - Stopped by Alex Nedeljkovic without a rebound.
11:59 of 3rd period - Aleksander Barkov wins face-off versus Lars Eller in Diables zone.
12:19 of 3rd period - Minor Penalty to Philip Larsen for Tripping.
12:20 of 3rd period - Nick Spaling wins face-off versus Frederik Gauthier in Diablos zone.
12:56 of 3rd period - Backhand shot by Max Domi.
12:56 of 3rd period - Stopped by Joni Ortio with a rebound.
13:03 of 3rd period - Icing by Aleksander Barkov.
13:04 of 3rd period - Aleksander Barkov wins face-off versus Nick Spaling in Diables zone.
13:11 of 3rd period - Slapshot by Will Butcher.
13:11 of 3rd period - Deflect By Aleksander Barkov.
13:11 of 3rd period - Stopped by Joni Ortio without a rebound.
13:12 of 3rd period - Frederik Gauthier wins face-off versus Nick Spaling in Diablos zone.
13:17 of 3rd period - Snap shot by Brock McGinn.
13:17 of 3rd period - Goal by Brock McGinn - Diablos : 5 - Diables : 6.
13:18 of 3rd period - Lars Eller wins face-off versus Darroll Powe in neutral zone.
13:21 of 3rd period - Brock McGinn is hit by Lars Eller and loses puck.
13:35 of 3rd period - Minor Penalty to Brock McGinn for Interference.
13:36 of 3rd period - Lars Eller wins face-off versus Frederik Gauthier in Diables zone.
13:36 of 3rd period - Wrist shot by Jordan Szwarz.
13:36 of 3rd period - Shot Misses the Net.
13:38 of 3rd period - Snap shot by Lars Eller.
13:38 of 3rd period - Deflect By Brandon Prust.
13:38 of 3rd period - Goal by Lars Eller - Diablos : 6 - Diables : 6.
13:39 of 3rd period - Aleksander Barkov wins face-off versus Lars Eller in neutral zone.
13:44 of 3rd period - Wrist shot by Carl Gunnarsson.
13:44 of 3rd period - Deflect By Lars Eller.
13:44 of 3rd period - Stopped by Joni Ortio with a rebound.
14:06 of 3rd period - Corey Trivino is hit by Brock McGinn and loses puck.
14:13 of 3rd period - Slapshot by Viktor Loov.
14:13 of 3rd period - Shot Misses the Net.
14:15 of 3rd period - Wrist shot by Corey Trivino.
14:15 of 3rd period - Deflect By Tyler Pitlick.
14:15 of 3rd period - Shot Misses the Net.
14:15 of 3rd period - Puck is out of play.
14:16 of 3rd period - Lars Eller wins face-off versus Frederik Gauthier in Diables zone.
14:27 of 3rd period - Wrist shot by Nick Spaling.
14:27 of 3rd period - Shot Misses the Net.
14:43 of 3rd period - Snap shot by Jiri Sekac.
14:43 of 3rd period - Shot Misses the Net.
14:45 of 3rd period - Slapshot by Philip Larsen.
14:45 of 3rd period - Deflect By Corey Trivino.
14:45 of 3rd period - Shot Blocked by Nikita Zadorov.
14:45 of 3rd period - Puck is out of play.
14:46 of 3rd period - Darroll Powe wins face-off versus Corey Trivino in Diables zone.
15:30 of 3rd period - Slapshot by Corey Trivino.
15:30 of 3rd period - Shot Blocked by Darroll Powe.
15:32 of 3rd period - Snap shot by Brian Dumoulin.
15:32 of 3rd period - Stopped by Alex Nedeljkovic with a rebound.
15:52 of 3rd period - Nail Yakupov is hit by Tyler Pitlick and loses puck.
16:03 of 3rd period - Wrist shot by Darroll Powe.
16:03 of 3rd period - Goal by Darroll Powe - Diablos : 6 - Diables : 7.
16:04 of 3rd period - Frederik Gauthier wins face-off versus Peter Holland in neutral zone.
16:53 of 3rd period - Icing by Andrey Pedan.
16:54 of 3rd period - Lars Eller wins face-off versus Aleksander Barkov in Diablos zone.
17:23 of 3rd period - Snap shot by Brandon Prust.
17:23 of 3rd period - Stopped by Joni Ortio with a rebound.
17:47 of 3rd period - Snap shot by Lars Eller.
17:47 of 3rd period - Shot Misses the Net.
18:05 of 3rd period - Slapshot by Jiri Sekac.
18:05 of 3rd period - Stopped by Alex Nedeljkovic without a rebound.
18:06 of 3rd period - Peter Holland wins face-off versus Frederik Gauthier in Diables zone.
18:09 of 3rd period - Snap shot by Danton Heinen.
18:09 of 3rd period - Stopped by Alex Nedeljkovic with a rebound.
18:38 of 3rd period - Slapshot by Brian Dumoulin.
18:38 of 3rd period - Stopped by Alex Nedeljkovic with a rebound.
18:40 of 3rd period - Slapshot by Nick Spaling.
18:40 of 3rd period - Stopped by Alex Nedeljkovic without a rebound.
18:41 of 3rd period - Lars Eller wins face-off versus Max Domi in Diables zone.
18:46 of 3rd period - Diablos , Joni Ortio is pulled from the net.
19:08 of 3rd period - Wrist shot by Nick Spaling.
19:08 of 3rd period - Stopped by Alex Nedeljkovic without a rebound.
19:09 of 3rd period - Gerard Gallant call a timeout for Diablos .
19:09 of 3rd period - Frederik Gauthier wins face-off versus Lars Eller in Diables zone.
19:18 of 3rd period - Wrist shot by Brock McGinn.
19:18 of 3rd period - Shot Misses the Net.
19:32 of 3rd period - Snap shot by Lars Eller.
19:32 of 3rd period - Stopped by Alex Nedeljkovic without a rebound.
19:33 of 3rd period - Lars Eller wins face-off versus Frederik Gauthier in Diables zone.
19:58 of 3rd period - Snap shot by Lars Eller.
19:58 of 3rd period - Shot Blocked by Marc-André Bourdon.
Goals for this period are 2 for Diablos vs 3 for Diables.
Shots for this period are 17 for Diablos vs 16 for Diables.